 Dungeon Crawl Stone Soup version 0.30.1-3-gfc49f6343a (webtiles) character file.

Game seed: 3427001397737088714

61 jtron the Caller (level 4, -1/25 HPs)
             Began as a Tengu Summoner on July 27, 2023.
             Slain by Sigmund
             ... wielding a +0 scythe
              (11 damage)
             ... on level 3 of the Dungeon.
             The game lasted 00:05:45 (1983 turns).

jtron the Caller (Tengu Summoner)                   Turns: 1983, Time: 00:05:46

Health: -1/25      AC:  3    Str:  9    XL:     4   Next: 7%
Magic:  6/8        EV: 12    Int: 17    God:
Gold:   269        SH:  0    Dex: 14    Spells: 3/7 levels left

rFire   . . .        a - +0 short sword
rCold   . . .        (no shield)
rNeg    . . .        f - +0 robe
rPois   .            (helmet restricted)
rElec   .            (no cloak)
rCorr   .            e - +0 pair of gloves
SInv    .            (boots unavailable)
Will    .....        (no amulet)
Stlth   ++           (no ring)
HPRegen 0.24/turn    (no ring)
MPRegen 0.11/turn

%: no passive effects
@: studying Axes
A: beak, talons 3
a: no special abilities


You were on level 3 of the Dungeon.
You visited 1 branch of the dungeon, and saw 3 of its levels.

You collected 269 gold pieces.

Inventory:

Hand Weapons
 a - a +0 short sword (weapon)
 b - a +0 sling
 l - a +2 antimagic hand axe
Missiles
 c - 6 boomerangs
 g - 4 poisoned darts
 k - 4 stones
Armour
 e - a +0 pair of gloves (worn)
 f - a +0 robe (worn)
Magical Staves
 h - a staff of conjuration
 n - a staff of earth
Wands
 t - a wand of mindburst (19)
Scrolls
 d - a scroll of poison
 m - a scroll of brand weapon {unknown}
 p - a scroll of fear {unknown}
 q - a scroll of enchant armour {unknown}
 r - a scroll of vulnerability {unknown}
 s - a scroll of amnesia {unknown}
Potions
 i - 3 potions of curing
 j - a potion of cancellation
 o - a potion of magic
 u - a potion of heal wounds {unknown}


   Skills:
 * Level 1.2 Fighting
 + Level 0.3 Short Blades
 + Level 0.1 Maces & Flails
 + Level 2.6 Dodging
 + Level 2.4 Stealth
 + Level 2.3 Spellcasting
 + Level 5.5 Summonings


You had 3 spell levels left.
You knew the following spells:

 Your Spells              Type           Power      Damage    Failure   Level
a - Summon Small Mammal   Summ           80%        N/A       1%          1
b - Call Canine Familiar  Summ           20%        N/A       6%          3

Your spell library contained the following spells:

 Spells                   Type           Power      Damage    Failure   Level
 Call Imp                 Summ           40%        N/A       3%          2
 Freeze                   Ice            8%         1d3       19%         1
 Summon Guardian Golem    Hex/Summ       11%        N/A       19%         3
 Frozen Ramparts          Ice            4%         1d1       50%         3
 Hailstorm                Conj/Ice       2%         3d3       50%         3
 Summon Lightning Spire   Summ/Air       11%        N/A       52%         4


Dungeon Overview and Level Annotations

Branches:
Dungeon (3/15)

Altars:

Annotations:
D:3 Sigmund


Innate Abilities, Weirdness & Mutations

You have a beak for a mouth.
You have claws for feet.


Message History

Okay, then.
A dart slug comes into view.
Found a dagger.
Casting: Call Canine Familiar (quite dangerous; 6% risk of failure)
Confirm with . or Enter, or press ? or * to list all spells.
The spell is quite dangerous to miscast (6% risk of failure)!
Continue anyway?
The dart slug closely misses you.
You hit the dart slug. You claw the dart slug. You peck the dart slug.
The dart slug is almost dead.
Your hound bites the dart slug.
The dart slug dies!
Sigmund shouts!
Found 12 gold pieces.
What are your orders? t - Shout!
Orders for allies: a - Attack new target. r - Retreat! s - Stop attacking. g - Guard the area. f - Follow me.
Anything else - Cancel.
Gang up on whom?
Press: ? - help, Dir - move target, f - Sigmund
Aim: Sigmund, wielding a +0 scythe and wearing a +0 robe (ally target) Attack!
Sigmund hits you from afar with a +0 scythe!
Your hound barely misses Sigmund.
You completely miss Sigmund. You claw Sigmund.
Sigmund is lightly wounded.
Your hound bites Sigmund but does no damage.
Sigmund laughs darkly.
Sigmund hits you with a +0 scythe!
You closely miss Sigmund.
Sigmund is lightly wounded.
Your hound bites Sigmund. x2
You hit Sigmund.
Sigmund is heavily wounded.
Sigmund barely misses you.
Your hound bites Sigmund.
You hit Sigmund. You claw Sigmund.
Sigmund is almost dead.
Your hound closely misses Sigmund.
Sigmund hits you with a +0 scythe!
You die...

#........#..# #
#.# ##...#......#
#.#.#
+...#.#....#
#.#.#
#...#.#....#
#....
#...#.#.#..#
###.#
#.).#......# #.#
#######.###....#
#.# #$......#
#<...# #.#
#.....@h# #....#
#.# #......@#
#....# ###.#
#.......# #....#
#....
#######.###....#
#....
#.......#......#
#....
#.#######.####.#
#....
##'#..........#.#
#....
#.......##.##.#.#
###'#
#........#... #.#
#.#


You could see Sigmund (ally target) and a friendly hound (summoned).

Vanquished Creatures
  3 bats (D:1)
  An endoplasm (D:2)
  4 goblins
  A hobgoblin (D:1)
  3 ball pythons
  A frilled lizard (D:2)
  4 kobolds
  4 rats (D:1)
21 creatures vanquished.

Vanquished Creatures (collateral kills)
  An adder (D:2)
  3 worms
  2 dart slugs
  2 ball pythons
  2 endoplasms
  A giant cockroach (D:2)
  A goblin (D:1)
  A hobgoblin (D:1)
  2 kobolds
  A quokka (D:1)
  2 bats
18 creatures vanquished.

Grand Total: 39 creatures vanquished

Notes
Turn   | Place    | Note
-------+----------+-------------------------------------------
     0 | D:1      | jtron the Tengu Summoner began the quest for the Orb.
     0 | D:1      | Reached XP level 1. HP: 10/10 MP: 4/4
    79 | D:1      | Reached skill level 5 in Summonings
   134 | D:1      | Reached XP level 2. HP: 10/15 MP: 3/6
   551 | D:1      | Reached XP level 3. HP: 20/20 MP: 7/7
   555 | D:1      | Learned a level 3 spell: Call Canine Familiar
  1086 | D:2      | Reached skill level 1 in Fighting
  1800 | D:3      | Reached XP level 4. HP: 25/25 MP: 1/8
  1944 | D:3      | Noticed Sigmund
  1983 | D:3      | Slain by Sigmund

Illustrated notes

Levels and vault maps discovered:
D:1:      noname_arrival_rooms_in_the_neighbourhood, layout_basic
D:2:      layout_loops_corners, minmay_split_cup_large
D:3:      layout_basic, mainiacjoe_overflow_boulevard, serial_shops,
          nicolae_shop_just_a_little_nook, nicolae_shop_pleasant_corner_grove,
          uniq_sigmund

Skill      XL: |  1  2  3 |
---------------+----------+-----
Summonings     | 5 |  5.5
Fighting       | 1 |  1.2
Short Blades   | |  0.3
Maces & Flails | |  0.1
Dodging        | |  2.6
Stealth        | |  2.4
Spellcasting   | |  2.3

Action                     |  1- 3 |  4- 6 || total
---------------------------+-------+-------++-------
  Melee: Club              |     1 |       ||     1
         Short sword       |    49 |     5 ||    54
         Kick              |    15 |     3 ||    18
         Peck              |     7 |     1 ||     8
   Cast: Summon Small Mamm |    15 |       ||    15
         Call Canine Famil |     7 |     1 ||     8
    Use: Scroll            |     7 |       ||     7
   Stab: Sleeping          |     2 |       ||     2
 Armour: Robe              |    18 |       ||    18
  Dodge: Dodged            |    36 |     2 ||    38
